 Dungeon Crawl Stone Soup version 0.31-a0-240-gb923e448b6 (webtiles) character file.

Game seed: 18162860806731593179

1477 MacCMillion the Mimic (level 8, -1/66 HPs)
             Began as a Red Draconian Shapeshifter on July 12, 2023.
             Killed from afar by Dowan (23 damage)
             ... with a shard of ice
             ... on level 5 of the Dungeon.
             The game lasted 00:06:49 (5313 turns).

MacCMillion the Mimic (Red Draconian Shapeshifter)  Turns: 5313, Time: 00:06:49

Health: -1/66      AC:  6    Str: 20    XL:     8   Next: 49%
Magic:  8/8        EV: 13    Int:  9    God:
Gold:   252        SH:  0    Dex: 11    Spells: 7/7 levels left

rFire   + .          .
                       - Unarmed
rCold   . . .        (shield currently unavailable)
rNeg    . . .        (body armour unavailable)
rPois   .            (helmet restricted)
rElec   .            (no cloak)
rCorr   .            (gloves currently unavailable)
SInv    +            (no boots)
Will    .....        (no amulet)
Stlth   +            s - ring of flight
HPRegen 0.31/turn    v - ring of see invisible
MPRegen 0.11/turn

%: no passive effects
@: blade hands, flying
A: reduced hp, breathe fire, AC +6, unfitting armour, fire resistance 1,
cold-blooded
a: Breathe Fire


You were on level 5 of the Dungeon.
You had blades for hands.
You visited 1 branch of the dungeon, and saw 5 of its levels.

You collected 252 gold pieces.

Inventory:

Jewellery
 s - a ring of flight (left blade hand)
 v - a ring of see invisible (right blade hand)
Talismans
 b - a beast talisman
 t - a blade talisman
Wands
 n - a wand of quicksilver (15)
 p - a wand of paralysis (5)
 u - a wand of flame (17)
Scrolls
 c - 2 scrolls of vulnerability {unknown}
 d - 2 scrolls of revelation {unknown}
 f - a scroll of fog {unknown}
 g - a scroll of enchant weapon {unknown}
 i - a scroll of immolation {unknown}
 j - a scroll of silence {unknown}
 k - a scroll of noise {unknown}
 l - 5 scrolls of teleportation {unknown}
 o - 3 scrolls of amnesia {unknown}
 q - 2 scrolls of blinking {unknown}
Potions
 a - a potion of lignification
 e - a potion of brilliance
 h - 2 potions of attraction
 m - 3 potions of heal wounds
 r - 3 potions of curing


   Skills:
 - Level 4.9 Fighting
 - Level 3.8 Dodging
 - Level 4.4 Unarmed Combat
 + Level 8.9 Shapeshifting


You had 7 spell levels left.
You didn't know any spells.
Your spell library contained the following spells:

 Spells                   Type           Power      Damage    Failure   Level
 Summon Small Mammal      Summ           0%         N/A       80%         1
 Wereblood                Tmut           0%         N/A       88%         2
 Call Canine Familiar     Summ           0%         N/A       97%         3
 Summon Guardian Golem    Hex/Summ       0%         N/A       97%         3
 Irradiate                Conj/Tmut      0%         3d11      100%        5


Dungeon Overview and Level Annotations

Branches:
Dungeon (5/15)
 Temple: D:4-7

Altars:
Cheibriados
Fedhas
Gozag
Makhleb
Nemelex Xobeh
Uskayaw
Xom
Zin

Shops:
D:1 [   D:2 (:*(   D:3 (   D:4 [

Annotations:
D:5 Dowan


Innate Abilities, Weirdness & Mutations

You have blades for hands.
Your maximum health is decreased, since you lack skill for your form.
Your spellcasting is less reliable in this form.
You are incapable of wielding weapons or throwing items.
You can breathe blasts of fire.
Your fiery red scales are hard. (AC +6)
You cannot fit into any form of body armour.
Your flesh is heat resistant. (rF+)
You are cold-blooded and may be slowed by cold attacks.


Message History

The orc wizard flickers and vanishes for a moment.
You hit Duvessa.
You tail-slap Duvessa, but do no damage.
Duvessa is lightly wounded.
Duvessa hits you with a +0 short sword. x2
You barely miss Duvessa.
You tail-slap Duvessa, but do no damage.
Duvessa is lightly wounded.
Dowan's robes are whipped around by a magical breeze.
Duvessa says, "Where magic fails, the sword succeeds!"
Duvessa hits you with a +0 short sword!
You slash Duvessa!
Duvessa is heavily wounded.
Duvessa closely misses you.
You barely miss Duvessa.
You tail-slap Duvessa, but do no damage.
Duvessa is heavily wounded.
Duvessa closely misses you. Duvessa misses you.
You hit Duvessa.
Duvessa is heavily wounded.
Duvessa hits you but does no damage.
You slash Duvessa!
Duvessa is almost dead.
Duvessa says, "When magic and the sword combine, nothing stands against them."
Duvessa hits you with a +0 short sword!
You slice Duvessa!!
You kill Duvessa!
Dowan's eyes darken. "You have made a black mistake."
Dowan seems to find hidden reserves of power!
Dowan casts a spell.
Dowan blinks!
Dowan attacks as you move away! Dowan hits you with a +0 dagger.
Dowan attacks as you move away! Dowan hits you with a +0 dagger. x2
The orc priest calls down the wrath of Beogh upon you.
Beogh smites you! Dowan misses you. Dowan attacks as you move away!
Dowan completely misses you.
Dowan points at you and mumbles some strange words.
The shard of ice hits you!!
You die...

#o###....##
#.##......#.....#
##.##......#.....#
#o.........#.....#
#o.........##.....
#..........##.....
#.....#....##.....
#e....#....##.....
#@.........##.....
###...^....##.....
####............
#.###[#......
###.###........
#......#.......
#..........###.
#......###.###.
#......# #..##.


You could see Dowan (fast), an orc wizard (invisible) and an orc.

Vanquished Creatures
  Duvessa (D:5)
  An ice beast (D:5)
  A black bear (D:5)
  3 ogres (D:5)
  A phantom (D:5)
  3 scorpions (D:5)
  4 wights
  A howler monkey (D:4)
  5 hounds
  An iron imp (D:3)
  Jessica (D:3)
  A sleepcap (D:5)
  10 adders
  4 gnolls (D:4)
  A white imp (D:4)
  An ufetubus (D:5)
  A worm (D:2)
  3 dart slugs (D:1)
  6 orcs
  10 ball pythons
  7 endoplasms
  3 giant cockroaches
  3 goblins
  6 hobgoblins
  3 quokkas
  7 bats
  4 frilled lizards
  7 kobolds
  2 rats (D:2)
101 creatures vanquished.

Notes
Turn   | Place    | Note
-------+----------+-------------------------------------------
     0 | D:1      | MacCMillion the Draconian Shapeshifter began the quest for
                  | the Orb.
     0 | D:1      | Reached XP level 1. HP: 17/17 MP: 1/1
    10 | D:1      | Noticed a centaur
    88 | D:1      | Found a faded altar of an unknown god.
   261 | D:1      | Reached XP level 2. HP: 21/25 MP: 2/2
   312 | D:1      | Found Liaplop's Armour Shoppe.
   685 | D:2      | Found Oduyfe Icer's General Store.
   807 | D:2      | Found Hishresud's Antique Weapon Boutique.
   924 | D:2      | Reached XP level 3. HP: 30/30 MP: 3/3
  1126 | D:2      | Found Ullimuic's Book Emporium.
  1231 | D:2      | Found Ehuukhy's Weapon Boutique.
  1687 | D:3      | Found a snail-covered altar of Cheibriados.
  1693 | D:3      | Reached XP level 4. HP: 31/38 MP: 4/4
  1950 | D:3      | Found Souxec's Weapon Boutique.
  2000 | D:3      | Found a burning altar of Makhleb.
  2000 | D:3      | Noticed a balrug
  2032 | D:3      | Noticed Jessica
  2041 | D:3      | Killed Jessica
  2042 | D:3      | Reached XP level 5. HP: 31/45 MP: 5/5
  2267 | D:3      | Noticed a neqoxec
  2267 | D:3      | Noticed an orange demon
  2980 | D:4      | Found a blossoming altar of Fedhas.
  3042 | D:4      | Reached XP level 6. HP: 52/52 MP: 6/6
  3049 | D:4      | Reached skill level 4 in Shapeshifting
  3210 | D:4      | Found a shimmering altar of Xom.
  3227 | D:4      | Found Cuaffayng's Antique Armour Emporium.
  3688 | D:4      | Found a glowing silver altar of Zin.
  3735 | D:4      | Found an opulent altar of Gozag.
  3788 | D:4      | Identified the +0 robe of New Discoveries {rN+++ Str+2
                  | Int-3}
  3809 | D:4      | Found a hide-covered altar of Uskayaw.
  3841 | D:5      | Entered Level 5 of the Dungeon
  4236 | D:5      | Noticed an ice beast
  4247 | D:5      | Your scales start taking on a fiery red colour.
  4247 | D:5      | Reached skill level 5 in Shapeshifting
  4247 | D:5      | Reached XP level 7. HP: 29/60 MP: 7/7
  4247 | D:5      | Gained mutation: Your flesh is heat resistant. (rF+) [Red
                  | Draconian growth]
  4630 | D:5      | Reached skill level 6 in Shapeshifting
  4954 | D:5      | Reached skill level 7 in Shapeshifting
  4954 | D:5      | Reached XP level 8. HP: 67/67 MP: 8/8
  5128 | D:5      | Found a sparkling altar of Nemelex Xobeh.
  5181 | D:5      | Reached skill level 8 in Shapeshifting
  5291 | D:5      | Noticed Dowan
  5293 | D:5      | Noticed Duvessa
  5306 | D:5      | Killed Duvessa
  5313 | D:5      | Killed from afar by Dowan

Illustrated notes

Levels and vault maps discovered:
D:1:      evilmike_arrival_come_back, layout_loops_ring,
          dreamdust_ecumenical_altar_grove, serial_shops, shop, nicolae_titane
D:2:      layout_basic, serial_shops, shop_statue, nicolae_shop_tiny_waterfront,
          shop, nicolae_shop_bloodbath_and_beyond
D:3:      minmay_chambers_of_twos, layout_basic, makhleb_altar_promises_db,
          slow_altar_1, serial_shops, nicolae_shop_rolling_square,
          corexii_hall_statues_deadend, uniq_jessica
D:4:      layout_basic, nicolae_overflow_quartered_altars, lemuel_doored_altar,
          serial_shops, shop, moated_statue
D:5:      layout_rooms, pf_just_have_faith, uniq_duvessa

Skill      XL: |  1  2  3  4  5  6  7  8 |
---------------+-------------------------+-----
Dodging        | 2 3 |  3.8
Fighting       | 3 4 |  4.9
Unarmed Combat | 3 4 |  4.4
Shapeshifting  | 5 7 8 |  8.9

Action                     |  1- 3 |  4- 6 |  7- 9 || total
---------------------------+-------+-------+-------++-------
  Melee: Unarmed           |    79 |   160 |    62 ||   301
         Tailslap          |    12 |    19 |    18 ||    49
         Punch             |     3 |     4 |     5 ||    12
    Use: Scroll            |       |     4 |       ||     4
         Potion            |       |       |     1 ||     1
   Stab: Sleeping          |     2 |       |       ||     2
 Armour: Skin              |    19 |    49 |    13 ||    81
  Dodge: Dodged            |    49 |    80 |    30 ||   159
   Form: Blade             |       |       |     1 ||     1

Table legend: (Time is in decaauts)
 A = Elapsed time spent in this place.
 B = Non-inter-level travel time spent in this place.
 C = Inter-level travel time spent in this place.
 D = Time resting spent in this place.
 E = Time spent auto-exploring this place.
 F = Levels seen in this place.
 G = Mean time per level.
                   A        B        C        D        E       F      G
               +--------+--------+--------+--------+--------+-----+--------+
         Total |   5299 |   5149 |    150 |   1134 |   3263 |   5 | 1059.8 |
       Dungeon |   5299 |   5149 |    150 |   1134 |   3263 |   5 | 1059.8 |
               +--------+--------+--------+--------+--------+-----+--------+

Top non-repeatable levels by time:
     D:4: 1740 daAuts
     D:2: 1046 daAuts
     D:3: 946 daAuts
     D:5: 890 daAuts
     D:1: 675 daAuts
